 Dungeon Crawl Stone Soup version 0.29.1-12-g30fa7ad0bf (webtiles) character file.

Game seed: 9403035329165934818

49 Lutefisk the Chopper (level 3, -2/52 HPs)
             Began as a Gnoll Cinder Acolyte on Dec 24, 2022.
             Was a High Priest of Ignis.
             Killed from afar by a white imp (13 damage)
             ... with a puff of frost
             ... on level 3 of the Dungeon.
             The game lasted 00:04:02 (1037 turns).

Lutefisk the Chopper (Gnoll Cinder Acolyte)         Turns: 1037, Time: 00:04:02

Health: -2/52      AC: 21    Str: 19    XL:     3   Next: 75%
Magic:  2/7        EV:  2    Int: 13    God:    Ignis [*****.]
Gold:   92         SH:  0    Dex:  9    Spells: 5/7 levels left

rFire   + . .      SeeInvis .   a - -1 hand axe (flame)
rCold   . . .      Faith    .   (no shield)
rNeg    . . .      Spirit   .   (body armour currently unavailable)
rPois   +          Reflect  .   (helmet currently unavailable)
rElec   .          Harm     .   (cloak currently unavailable)
rCorr   +          Rampage  .   (gloves currently unavailable)
Will    .....      NoTele   +   (boots currently unavailable)
Stlth   +.........              (no amulet)
HPRegen 0.17/turn               l - ring of resist corrosion
MPRegen 0.10/turn               h - +6 ring of strength

@: tree-form
A: stationary, stasis, torment immunity, boosted hp, (fangs 1), strong nose,
distributed training
a: Renounce Religion, Fiery Armour, Foxfire Swarm, Rising Flame


You were on level 3 of the Dungeon.
You worshipped Ignis.
Ignis was extremely pleased with you.
You were a tree.
You visited 1 branch of the dungeon, and saw 3 of its levels.

You collected 92 gold pieces.

Inventory:

Hand Weapons
 a - a -1 hand axe of flaming (weapon)
Armour
 b - a +0 robe (melded)
 e - a +0 helmet (melded)
Jewellery
 h - a +6 ring of strength (right branch)
 l - a ring of resist corrosion (left branch)
 q - a ring of flight
 s - a ring of ice
Scrolls
 c - 3 scrolls of fear {unknown}
 d - a scroll of magic mapping {unknown}
 f - a scroll of poison {unknown}
 g - a scroll of enchant armour {unknown}
 i - a scroll of silence {unknown}
 j - a scroll of enchant weapon {unknown}
 k - 3 scrolls of amnesia {unknown}
 m - 2 scrolls of identify {unknown}
 r - a scroll of vulnerability {unknown}
Potions
 n - a potion of resistance {unknown}
 o - a potion of lignification
 p - a potion of cancellation {unknown}


   Skills:
 + Level 6.5 Fighting
 + Level 1.0 Short Blades
 + Level 1.0 Long Blades
 + Level 6.5 Axes
 + Level 1.0 Maces & Flails
 + Level 1.0 Polearms
 + Level 1.0 Staves
 + Level 1.0 Ranged Weapons
 + Level 1.0 Throwing
 + Level 1.0 Armour
 + Level 1.0 Dodging
 + Level 1.0 Stealth
 + Level 1.0 Shields
 + Level 1.0 Unarmed Combat
 + Level 2.9 Spellcasting
 + Level 0.7 Conjurations
 + Level 0.7 Hexes
 + Level 0.7 Summonings
 + Level 0.7 Necromancy
 + Level 0.7 Translocations
 + Level 0.7 Transmutations
 + Level 5.4 Fire Magic
 + Level 0.7 Ice Magic
 + Level 0.7 Air Magic
 + Level 0.7 Earth Magic
 + Level 0.7 Poison Magic
 + Level 1.0 Invocations
 + Level 1.0 Evocations


You had 5 spell levels left.
You knew the following spells:

 Your Spells              Type           Power      Damage    Failure   Level
a - Scorch                Fire           32%        2d7       3%          2

Your spell library contained the following spells:

 Spells                   Type           Power      Damage    Failure   Level
 Beastly Appendage        Tmut           6%         N/A       17%         1
 Sandblast                Erth           6%         2d5       17%         1
 Passwall                 Tmut/Erth      2%         N/A       26%         2
 Wereblood                Tmut           3%         N/A       26%         2
 Spider Form              Tmut/Pois      3%         N/A       45%         3
 Stone Arrow              Conj/Erth      6%         3d7       45%         3


Dungeon Overview and Level Annotations

Branches:
Dungeon (3/15)

Altars:

Annotations:
D:3 1 runed translucent door, superradish's ghost, weakling DsDe


Innate Abilities, Weirdness & Mutations

You are a tree.
Your roots penetrate the ground, keeping you stationary.
You cannot be teleported.
You are immune to unholy pain and torment.
Your maximum health is greatly increased.
Your equipment is partially melded.
((You have very sharp teeth.))
Your uncanny sense of smell can sniff out nearby items.
Your experience applies equally to all skills.


Message History

The gnoll hits you from afar with a +0 halberd!
Unknown command.
Casting: Scorch (safe; 3% risk of failure)
Confirm with . or Enter, or press ? or * to list all spells.
Flames lash the gnoll.
The gnoll is burned terribly!
You kill the gnoll!
Your Invocations skill increases to level 1!
Unknown command.
You hit the gnoll. You burn the gnoll.
The gnoll is heavily wounded.
The gnoll hits you with a +0 flail.
You hit the gnoll. You burn the gnoll.
The gnoll is almost dead.
The gnoll hits you with a +0 flail!
* * * LOW HITPOINT WARNING * * *
You hit the gnoll. You burn the gnoll.
You kill the gnoll!
Your Short Blades skill increases to level 1!
Your Long Blades skill increases to level 1!
Your Maces & Flails skill increases to level 1!
Your Polearms skill increases to level 1!
Your Staves skill increases to level 1!
Your Ranged Weapons skill increases to level 1!
Your Throwing skill increases to level 1!
Your Armour skill increases to level 1!
Your Dodging skill increases to level 1!
Your Stealth skill increases to level 1!
Your Shields skill increases to level 1!
Your Unarmed Combat skill increases to level 1!
Your Evocations skill increases to level 1!
Things that are here:
a +0 flail; a +0 halberd A white imp comes into view.
The white imp shouts, "Get thee gone, thou paunchy spur-galled scavenger!"
It was a potion of lignification.
You turn into a tree.
Your +0 helmet melds into your body.
Your +0 robe melds into your body.
Your roots penetrate the ground.
The white imp gestures at you. The puff of frost hits you!
You die...

##.#...###...#
#.)#.......#
##..#.....##
##.###..##
#....5##
#####.# #.#
#.# #♣# #.#
#.# #.# #.#
#.# #.# #)#
#.#


You could see a white imp.

Vanquished Creatures
  3 gnolls (D:3)
  An orc (D:3)
  4 endoplasms
  A giant cockroach (D:1)
  2 goblins
  3 quokkas (D:1)
  2 ball pythons (D:1)
  A bat (D:1)
  A kobold (D:2)
  2 rats
20 creatures vanquished.

Notes
Turn   | Place    | Note
-------+----------+-------------------------------------------
     0 | D:1      | Lutefisk the Gnoll Cinder Acolyte began the quest for the
                  | Orb.
     0 | D:1      | Reached XP level 1. HP: 23/23 MP: 4/4
   408 | D:1      | Reached XP level 2. HP: 22/29 MP: 5/5
   503 | D:1      | Learned a level 2 spell: Scorch
   576 | D:2      | Identified the +1 robe "Duufapul" {Contam Harm Rampage rC+
                  | Will+}
   977 | D:3      | Noticed superradish's ghost (weakling DsDe)
   978 | D:3      | Found a runed translucent door.
   991 | D:3      | Reached XP level 3. HP: 23/35 MP: 7/7
  1025 | D:3      | Reached skill level 1 in Invocations
  1029 | D:3      | Reached skill level 1 in Short Blades
  1029 | D:3      | Reached skill level 1 in Long Blades
  1029 | D:3      | Reached skill level 1 in Maces & Flails
  1029 | D:3      | Reached skill level 1 in Polearms
  1029 | D:3      | Reached skill level 1 in Staves
  1029 | D:3      | Reached skill level 1 in Ranged Weapons
  1029 | D:3      | Reached skill level 1 in Throwing
  1029 | D:3      | Reached skill level 1 in Armour
  1029 | D:3      | Reached skill level 1 in Dodging
  1029 | D:3      | Reached skill level 1 in Stealth
  1029 | D:3      | Reached skill level 1 in Shields
  1029 | D:3      | Reached skill level 1 in Unarmed Combat
  1029 | D:3      | Reached skill level 1 in Evocations
  1037 | D:3      | Killed from afar by a white imp

Illustrated notes

Levels and vault maps discovered:
D:1:      minmay_arrival_four_circles, layout_loops_ring,
          shapermc_ecumenical_altar_starsandcircs
D:2:      layout_loops_corners
D:3:      layout_basic, hellmonk_ghost_happy_afterlife, serial_shops,
          nicolae_shop_stone, minmay_joined_circles

Skill      XL: |  1  2  3 |
---------------+----------+-----
Invocations    | 1 |  1.0
Short Blades   | 1 |  1.0
Long Blades    | 1 |  1.0
Maces & Flails | 1 |  1.0
Polearms       | 1 |  1.0
Staves         | 1 |  1.0
Ranged Weapons | 1 |  1.0
Throwing       | 1 |  1.0
Armour         | 1 |  1.0
Dodging        | 1 |  1.0
Stealth        | 1 |  1.0
Shields        | 1 |  1.0
Unarmed Combat | 1 |  1.0
Evocations     | 1 |  1.0
Fighting       | |  6.5
Axes           | |  6.5
Spellcasting   | |  2.9
Conjurations   | |  0.7
Hexes          | |  0.7
Summonings     | |  0.7
Necromancy     | |  0.7
Translocations | |  0.7
Transmutations | |  0.7
Fire Magic     | |  5.4
Ice Magic      | |  0.7
Air Magic      | |  0.7
Earth Magic    | |  0.7
Poison Magic   | |  0.7

Action                   || total
-------------------------++-------
Melee: Hand axe          ||    56
       Bite              ||     6
 Cast: Scorch            ||     3
  Use: Potion            ||     1
 Stab: Sleeping          ||     1
Armor: Robe              ||    12
Dodge: Dodged            ||    31
